 Dungeon Crawl Stone Soup version 0.27.1-4-g1640c2035a (webtiles) character file.

Game seed: 4057191155493827709

322 hickop the Chopper (level 6, -2/84 HPs)
             Began as a Minotaur Berserker on Nov 6, 2021.
             Was a Believer of Trog.
             Slain by a gnoll (4 damage)
             ... on level 4 of the Dungeon.
             The game lasted 00:09:06 (3271 turns).

hickop the Chopper (Minotaur Berserker)             Turns: 3271, Time: 00:09:06

Health: -2/84      AC:  9    Str: 22    XL:     6   Next: 22%
Magic:  5/5        EV: 11    Int:  4    God:    Trog [**....]
Gold:   112        SH:  0    Dex: 11    Spells: 5/5 levels left

rFire    . . .     SeeInvis .   a - +0 hand axe
rCold    . . .     Faith    .   (no shield)
rNeg     . . .     Spirit   .   f - +0 ring mail
rPois    .         Reflect  .   (helmet restricted)
rElec    .         Harm     .   g - +0 cloak
rCorr    .         Rampage  .   d - +1 pair of gloves
Will     .....                  (no boots)
Stlth    ..........             (no amulet)
HPRegen  0.24/turn              (no ring)
MPRegen  0.09/turn              (no ring)

@: berserking, very quick
A: horns 2, retaliatory headbutt
a: Renounce Religion, Berserk, Trog's Hand


You were on level 4 of the Dungeon.
You worshipped Trog.
Trog was pleased with you.
You visited 1 branch of the dungeon, and saw 4 of its levels.

You collected 112 gold pieces.

Inventory:

Hand Weapons
 a - a +0 hand axe (weapon)
Armour
 d - a +1 pair of gloves (worn)
 f - a +0 ring mail (worn)
 g - a +0 cloak (worn)
Jewellery
 c - a +6 ring of dexterity
 e - an amulet of faith
 k - an amulet of the acrobat
Wands
 i - a wand of flame (11)
Potions
 b - a potion of curing {unknown}
 h - a potion of invisibility
 j - a potion of magic {unknown}


   Skills:
 + Level 5.4 Fighting
 + Level 6.0 Axes
 + Level 3.5 Armour
 + Level 3.2 Dodging
 + Level 1.1 Stealth


You had 5 spell levels left.
You didn't know any spells.
Your spell library was empty.

Dungeon Overview and Level Annotations

Branches:
Dungeon (4/15)
 Temple: D:4-7

Altars:
Dithmenos
Qazlal
Wu Jian

Shops:
D:1 (

Annotations:
D:4 1 transporter


Innate Abilities, Weirdness & Mutations

You have a pair of horns on your head.
You reflexively headbutt those who attack you in melee.


Message History

The jackal is lightly wounded.
You feel sick. The jackal bites you.
The gnoll hits you from afar with a +0 halberd.
You slash the jackal!
You kill the jackal!
Trog accepts your kill.
You feel sick. The gnoll hits you but does no damage.
You feel sick. The gnoll closely misses you.
The gnoll hits you from afar with a +0 halberd.
* * * LOW HITPOINT WARNING * * *
You barely miss the gnoll. You headbutt the gnoll!
You kill the gnoll!
Trog accepts your kill.
You slash the gnoll! The gnoll hits you but does no damage.
The gnoll hits you from afar with a +0 halberd.
* * * LOW HITPOINT WARNING * * *
Your Axes skill increases to level 6!
You feel sick.
You slash the jackal!
You kill the jackal!
Trog accepts your kill.
You feel sick.
The gnoll hits you from afar with a +0 halberd.
* * * LOW HITPOINT WARNING * * *
The jackal barely misses you. The gnoll hits you with a +0 halberd!
* * * LOW HITPOINT WARNING * * *
The gnoll hits you from afar with a +0 halberd.
* * * LOW HITPOINT WARNING * * *
You hit the gnoll.
You feel the power of Trog in you as your rage grows.
You kill the gnoll!
Trog accepts your kill.
You hit the jackal.
You kill the jackal!
Trog accepts your kill.
You feel sick.
You closely miss the gnoll. Your headbutt misses the gnoll.
You feel sick.
You are no longer poisoned.
The gnoll hits you from afar with a +0 halberd.
You die...

##### #######
#######.....###
.(............##
#..#....♣♣.†...###
#.##....♣♣.....#..
#.#.........≈≈..#.
#@#..≈≈.....≈≈).#.
#)g..≈≈.._........
#.#g............##
#.#........##...#
#.##...##..##..##
...#.†.##......#
..##..........#.
#..##.##.....###
#.. .g# #####.


You could see 2 gnolls.

Vanquished Creatures
  A black bear (D:4)
  A scorpion (D:4)
  An orc wizard (D:4)
  A hound skeleton (D:4)
  5 adders
  2 gnolls (D:4)
  3 dart slugs
  8 orcs
  6 ball pythons
  A bat (D:1)
  4 endoplasms
  2 giant cockroaches (D:1)
  2 goblins (D:1)
  4 hobgoblins
  4 jackals (D:4)
  3 frilled lizards (D:2)
  3 kobolds
  7 rats
58 creatures vanquished.

Notes
Turn   | Place    | Note
-------+----------+-------------------------------------------
     0 | D:1      | hickop the Minotaur Berserker began the quest for the Orb.
     0 | D:1      | Reached XP level 1. HP: 19/19 MP: 0/0
   200 | D:1      | Found Faxidump's Antique Weapon Boutique.
   236 | D:1      | Reached XP level 2. HP: 20/27 MP: 1/1
   355 | D:1      | Reached skill level 4 in Axes
  1184 | D:2      | Reached XP level 3. HP: 33/33 MP: 2/2
  1282 | D:2      | Reached ** piety under Trog
  1625 | D:2      | Found a stormy altar of Qazlal.
  2269 | D:3      | Reached XP level 4. HP: 39/41 MP: 3/3
  2853 | D:4      | Found a transporter.
  2866 | D:4      | Found a shadowy altar of Dithmenos.
  2871 | D:4      | Noticed a black bear
  2888 | D:4      | Reached skill level 5 in Fighting
  2890 | D:4      | Killed a black bear
  2891 | D:4      | Reached skill level 5 in Axes
  2891 | D:4      | Reached XP level 5. HP: 18/48 MP: 4/4
  2912 | D:4      | Reached skill level 1 in Stealth
  3229 | D:4      | Found an ornate altar of the Wu Jian Council.
  3262 | D:4      | Reached XP level 6. HP: 23/56 MP: 5/5
  3267 | D:4      | Reached skill level 6 in Axes
  3269 | D:4      | HP: 4/84 [gnoll (4)]
  3271 | D:4      | Slain by a gnoll

Illustrated notes

Levels and vault maps discovered:
D:1:      onia_arrival_mini_maze_b, layout_rooms, serial_shops, shop,
          minmay_door_square, hangedman_feature_mirror, hex_tiny
D:2:      layout_basic, basic_altar, minmay_small_reverse_x
D:3:      layout_loops_ring, minmay_crystal_room
D:4:      kennysheep_the_goblin_king, layout_loops_ring,
          nicolae_wu_jian_wuxing_cycle, mainiacjoe_overflow_small_starburst,
          tso_metal_star, gammafunk_ghost_mausoleum, uniq_ijyb

Skill      XL: |  1  2  3  4  5  6 |
---------------+-------------------+-----
Axes           | 4 5 6 |  6.0
Fighting       | 4 5 |  5.4
Armour         | 3 |  3.5
Dodging        | 3 |  3.2
Stealth        | 1 |  1.1

Action                   |  1- 3 |  4- 6 || total
-------------------------+-------+-------++-------
Melee: Hand axe          |    73 |    64 ||   137
       Headbutt          |     5 |    14 ||    19
Invok: Berserk           |       |     2 ||     2
  Use: Scroll            |     3 |     1 ||     4
 Stab: Sleeping          |     1 |       ||     1
       Distracted        |     1 |       ||     1
Armor: Animal skin       |    15 |     1 ||    16
       Ring mail         |       |    24 ||    24
Dodge: Dodged            |    49 |    31 ||    80
